 Dungeon Crawl Stone Soup version bcrawl-1.39.1 (webtiles) character file.

Game seed: 16169884781246673226

12870313 kosoiffoigrumme1174 the Nimble (level 20, -8/124 HPs)
             Began as a Twilight Stalker Monk on Oct 8, 2023.
             Was a High Priest of Okawaru.
             Killed by divine providence
             ... invoked by a deep elf high priest
              (9 damage)
             ... on level 3 of the Elven Halls.
             The game lasted 01:05:24 (30940 turns).

kosoiffoigrumme1174 the Nimble (VSMo)              Turns: 30940, Time: 01:05:24

Health: -8/124     AC: 27    Str: 36    XL:     20   Next: 49%
Magic:  0/30       EV: 30    Int: 10    God:    Okawaru [*****.]
Gold:   1505       SH: 24    Dex: 33    Spells: 19/19 levels left

rFire    + . .     GDR:     49% a - +7 hand axe "Beinaop" {elec, rPois Str+3}
rCold    + . .     SeeInvis +   P - +6 medium shield {rPois}
rNeg     . . .     Gourm    .   y - +3 plate armour of Pakkif {+Fly Dex+3 SInv}
rPois    +         Faith    .   S - +2 helmet {SInv}
rElec    .         Spirit   +   c - scarf of Enganu Neargh {Spirit, rF+ Str+3 Dex+4}
rCorr    .         Reflect  .   E - +2 pair of gloves {archery}
MR       ++...                  I - +2 pair of boots of Ilomn {Int+4 Stlth+}
Stlth    +++++++++.             K - amulet of magic regeneration
HPRegen  0.70/turn              W - ring of Cuapp {+Fly Str+3}
MPRegen  0.64/turn              t - ring "Afuriddu" {rC+ Str+10 Int-4 Dex+3 Slay+3}

@: heroism, finesse, corroded, flying, studying Stealth, lightly drained
A: fangs 3, nightstalker 3, regeneration 1, no potion heal 3, rot immunity,
draining bite, strong jaws, assimilated armour
}: 2/15 runes: serpentine, barnacled
a: Heroism, Finesse, Renounce Religion, Stop Flying


You were on level 3 of the Elven Halls.
You worshipped Okawaru.
Okawaru was extremely pleased with you.
You were hungry.

You visited 7 branches of the dungeon, and saw 29 of its levels.

You collected 2940 gold pieces.
You spent 1435 gold pieces at shops.

Inventory:

Hand Weapons
 a - the +7 hand axe "Beinaop" (weapon) {elec, rPois Str+3}
   (You found it on level 8 of the Dungeon)

   Occasionally, upon striking a foe, it will discharge some electrical energy
   and cause terrible harm.
   It affects your strength (+3).
   It protects you from poison.
 b - a +9 dagger of electrocution
Missiles
 X - 10 throwing nets {=f}
Armour
 c - the scarf of Enganu Neargh (worn) {Spirit, rF+ Str+3 Dex+4}
   (You acquired it on level 3 of the Elven Halls)

   It affects your strength (+3).
   It affects your dexterity (+4).
   It protects you from fire.
 y - the +3 plate armour of Pakkif (worn) {+Fly Dex+3 SInv}
   (You found it on level 2 of the Shoals)

   It affects your dexterity (+3).
   It lets you see invisible.
   It lets you fly.
 B - a scarf of repulsion
 E - a +2 pair of gloves of archery (worn)
 I - the +2 pair of boots of Ilomn (worn) {Int+4 Stlth+}
   (Okawaru gifted it to you on level 2 of the Snake Pit)

   It affects your intelligence (+4).
   It makes you more stealthy.
 O - a +2 medium shield of reflection
 P - a +6 medium shield of poison resistance (worn)
 S - a +2 helmet of see invisible (worn)
 Z - the +0 cloak of the Distant Future {rCorr Int-2 Dex+2}
   (You found it on level 11 of the Dungeon)

   It affects your intelligence (-2).
   It affects your dexterity (+2).
   It provides partial protection from all sources of acid and corrosion.
Jewellery
 j - an uncursed ring of magical power
 t - the ring "Afuriddu" (right hand) {rC+ Str+10 Int-4 Dex+3 Slay+3}
   (You found it on level 4 of the Dungeon)

   [ring of dexterity]

   It affects your strength (+10).
   It affects your intelligence (-4).
   It affects your dexterity (+3).
   It affects your accuracy and damage with ranged weapons and melee attacks
   (+3).
   It protects you from cold.
 J - the amulet of Ympyehes {Spirit rElec rC+}
   (You found it on level 9 of the Dungeon)

   [amulet of guardian spirit]

   It causes incoming damage to be split between your health and magic.
   It protects you from cold.
   It insulates you from electricity.
 K - an amulet of magic regeneration (around neck)
 Q - an uncursed ring of positive energy
 W - the ring of Cuapp (left hand) {+Fly Str+3}
   (You found it on level 9 of the Dungeon)

   [ring of flight]

   It affects your strength (+3).
   It lets you fly.
Wands
 i - a wand of polymorph (21)
 m - a wand of charming (16)
 A - a wand of paralysis (28)
 M - a wand of flame (66)
 U - a wand of digging (14)
 V - a wand of iceblast (44)
Scrolls
 d - 4 scrolls of vulnerability
 f - 21 scrolls of remove curse
 n - 13 scrolls of teleportation
 o - 5 scrolls of blinking
 p - 2 scrolls of fear
 q - a scroll of summoning
 r - 5 scrolls of immolation
 v - 3 scrolls of revelation
 x - a scroll of brand weapon
 H - a scroll of torment
 Y - 6 scrolls of fog
Potions
 g - 7 potions of agility
 h - 5 potions of cancellation
 k - 2 potions of invisibility
 l - 2 potions of magic
 s - 2 potions of heal wounds
 u - 8 potions of mutation
 z - 7 potions of might
 C - 4 potions of berserk rage
 D - a potion of resistance
 F - 4 potions of flight
 G - 3 potions of lignification
 L - 5 potions of curing
 N - 3 potions of ambrosia
 R - 3 potions of haste
Miscellaneous
 w - a lightning rod (4/4)
 T - a lamp of fire (inert)
Comestibles
 e - 42 rations {!d}


   Skills:
 + Level 12.8(17.1) Fighting
 - Level 2.6(7.1) Axes
 + Level 12.5(16.7) Armour
 + Level 13.7(17.9) Dodging
 - Level 12.0(16.2) Stealth
 + Level 12.9(17.2) Shields
 + Level 13.3(17.6) Unarmed Combat
 + Level 13.3(12.6) Invocations
 + Level 12.8(12.2) Evocations


You had 19 spell levels left.
You didn't know any spells.
Your spell library contained the following spells:

 Spells                   Type           Power        Failure   Level  Hunger
 Corona                   Hex            #......      99%         1    None
 Magic Dart               Conj           #...         99%         1    None
 Sandblast                Erth           #.....       99%         1    None
 Corpse Rot               Necr           N/A          100%        2    ####...
 Ensorcelled Hibernation  Hex/Ice        #.....       100%        2    ####...
 Passwall                 Tmut/Erth      #.......     100%        2    ####...
 Searing Ray              Conj           #.......     100%        2    ####...
 Shackle                  Hex            #.......     100%        2    ####...
 Sublimation of Blood     Necr           #.........   100%        2    ####...
 Beckoning                Tloc           #.........   100%        3    #####..
 False Image              Hex/Summ       #.......     100%        3    #####..
 Inner Flame              Hex/Fire       N/A          100%        3    #####..
 Iskenderun's Mystic Bla  Conj           #.......     100%        3    #####..
 Portal Projectile        Tloc           #.....       100%        3    #####..
 Stone Arrow              Conj/Erth      #.....       100%        3    #####..
 Vampiric Draining        Necr           #.........   100%        3    #####..
 Agony                    Necr           #.......     100%        4    ######.
 Animate Dead             Necr           N/A          100%        4    ######.
 Cause Fear               Hex            #.........   100%        4    ######.
 Force Lance              Tloc           #.......     100%        4    ######.
 Fulminant Prism          Conj/Hex       #.........   100%        4    ######.
 Petrify                  Tmut/Erth      #.........   100%        4    ######.
 Yara's Violent Unravell  Hex/Tmut       #.........   100%        4    ######.
 Dispel Undead            Necr           #.......     100%        5    #######
 Irradiate                Conj/Tmut      #.........   100%        5    #######
 Lee's Rapid Deconstruct  Erth           #.........   100%        5    #######
 Aura of Abjuration       Summ           #.........   100%        6    #######
 Borgnjor's Vile Clutch   Necr/Erth      #.........   100%        6    #######
 Darkness                 Hex            #.........   100%        6    #######
 Death Channel            Chrm/Necr      #.........   100%        6    #######
 Dispersal                Tloc           #.........   100%        6    #######
 Infestation              Hex/Tmut/Pois  #........    100%        6    #######
 Controlled Blink         Tloc           #.......     100%        7    #######
 Shadow Creatures         Summ           N/A          100%        7    #######
 Time Stop                Chrm/Tloc      N/A          100%        8    #######


Dungeon Overview and Level Annotations

Branches:
Dungeon (12/12)            Temple (1/1) D:5            Lair (6/6) D:7
 Shoals (3/3) Lair:4        Snake (3/3) Lair:3        Slime (0/5) Orc
    Orc (1/1) D:8             Elf (3/3) Lair:5       Vaults (0/3) D:11
 Depths (0/5) D:12

Altars:
Ashenzari
Cheibriados
Dithmenos
Elyvilon
Fedhas
Gozag
Hepliaklqana
Kikubaaqudgha
Lugonu
Makhleb
Nemelex Xobeh
Okawaru
Qazlal
Ru
Sif Muna
Trog
Uskayaw
Vehumet
Wu Jian
Xom
Yredelemnul
Zin
The Shining One
Jiyva

Shops:
D:5 (   D:10 (   D:12 ?*   Orc !}?[%   Elf:2 =   Elf:3 ?


Innate Abilities, Weirdness & Mutations

You have razor-sharp teeth.
You are completely attuned to the shadows.
Your natural rate of healing is unusually fast.
Potions cannot restore your health.
You are immune to rotting.
Your bite drains your enemy's life force.
Your bites deal extra damage.
Your stealth is less affected by armour.


Message History

The deep elf knight is heavily wounded.
The deep elf sorcerer seems less brilliant. x2
The deep elf knight seems less brilliant.
The deep elf sorcerer is engulfed in blazing flames.
The deep elf knight is engulfed in blazing flames.
The deep elf high priest is engulfed in blazing flames.
The deep elf sorcerer is empowered by the deep elf high priest's aura! x2
The deep elf knight is empowered by the deep elf high priest's aura!
The deep elf sorcerer is engulfed in blazing flames.
The deep elf sorcerer mumbles some strange words.
The deep elf sorcerer shimmers violently.
The deep elf sorcerer casts a spell at you.
The bolt of acid hits you!!!
* * * LOW HITPOINT WARNING * * *
The acid corrodes you!
You are splashed with acid!
* * * LOW HITPOINT WARNING * * *
The deep elf high priest is engulfed in blazing flames.
The deep elf high priest mumbles some strange prayers to its god against you.
Something smites you!
You die...

# # #### #... #####
#.## ###...#### #.##
#....§...###.##
######e§........#.##
#).@eeee........#.##
#)####§§............
## #####.#########
#)# ###.### #.e*e.##
#.e.ee.)#
......))..#
..........#


You could see 2 deep elf sorcerers, a deep elf knight and 2 deep elf high
priests.

Vanquished Creatures
  Mara (Snake:3)
  Bai Suzhen (Elf:2)
  Vashnia (Snake:3)
  2 deep elf master archers (Elf:3)
  A deep elf blademaster (Elf:3)
  Polyphemus (Shoals:2)
  A sphinx (Lair:3)
  Agnes (Snake:2)
  2 krakens
  6 nagarajas
  Kirke (Snake:1)
  Louise (Snake:1)
  Aizul (Snake:1)
  An elemental wellspring (Shoals:2)
  2 slime creatures
  2 deep elf annihilators (Elf:3)
  4 dire elephants (Lair:6)
  3 deep elf death magi (Elf:3)
  4 merfolk javelineers
  2 green deaths (Snake:1)
  The ghost of VineThatTabs the Blocker, a journeyman FoFi of Okawaru (D:9)
  A fire dragon (D:12)
  2 ettins (D:12)
  6 merfolk impalers
  A yaktaur captain (D:12)
  Harold (Lair:2)
  8 hydras
  3 rakshasas
  14 naga warriors
  4 vault guards (D:11)
  A catoblepas (Shoals:2)
  The ghost of MisterOstroum the Covert, a journeyman GnEn of Sif Muna (D:11)
  Sonja (Lair:2)
  Psyche (D:9)
  4 ogre magi (Orc)
  12 anacondas
  4 merfolk aquamancers (Shoals:3)
  23 dancing weapons
  A death knight (D:11)
  A satyr (Shoals:2)
  A merfolk avatar (Shoals:2)
  3 death yaks
  10 sea snakes
  A tengu warrior (D:11)
  2 alligator snapping turtles (Shoals:3)
  16 two-headed ogres
  The ghost of Rhok the Fighter, a novice DrHu of Hepliaklqana (Lair:1)
  12 naga sharpshooters
  9 shock serpents
  22 deep elf knights
  A deep troll (D:12)
  4 skeletal warriors
  6 centaur warriors
  2 spectral death yaks (Lair:6)
  6 salamander mystics (Snake:3)
  A spectral anaconda (Lair:6)
  An unseen horror (shapeshifter) (Elf:1)
  12 naga ritualists
  An obsidian statue (Lair:6)
  8 deep elf archers
  7 cyclopes
  4 harpies
  3 necromancers (Lair:6)
  4 anaconda skeletons (Lair:3)
  4 lindwurms (Snake:3)
  12 mana vipers
  40 deep elf magi
  2 orc sorcerers (Orc)
  11 fauns (Shoals:2)
  14 manticores
  An ugly thing (D:11)
  8 salamanders
  3 oklob plants
  7 elephants (Lair:6)
  42 black mambas
  7 merfolk sirens
  A moth of wrath (D:9)
  2 water nymphs (Shoals:3)
  2 dire elephant zombies (Lair:6)
  7 guardian serpents
  23 naga magi
  A gargoyle (D:11)
  12 cane toads
  A torpor snail (Lair:5)
  6 rime drakes
  A dire elephant skeleton (Lair:6)
  A yaktaur (D:12)
  4 komodo dragons
  An eye of draining (D:11)
  20 merfolk
  2 trolls
  A polar bear (Lair:5)
  2 harpy skeletons
  4 hornets
  14 blink frogs
  5 wind drakes
  18 hippogriffs
  4 spectral elephants (Lair:6)
  9 snapping turtles
  A meliai zombie (D:11)
  A wraith (D:11)
  4 air elementals
  8 water elementals
  A shadow (D:10)
  A fire elemental (Elf:1)
  11 wyverns
  60 yaks
  2 hungry ghosts
  A vampire mosquito (D:11)
  3 basilisks
  Menkaure (D:7)
  5 wargs
  32 nagas
  An acid dragon (D:7)
  A spectral cane toad (Lair:6)
  11 crocodiles
  2 two-headed ogre zombies (D:8)
  9 porcupines
  5 water moccasins
  6 black bears
  3 ice beasts
  11 orc warriors
  2 sky beasts
  8 phantoms
  An elephant zombie (Lair:6)
  36 ogres
  A necrophage (D:11)
  19 wolves
  3 elephant skeletons (Lair:6)
  6 bullfrogs
  2 kobold brigands
  A gnoll sergeant (D:8)
  3 earth elementals
  5 cane toad simulacra (Lair:6)
  14 centaurs
  2 wyvern zombies
  9 scorpions
  A troll zombie (D:8)
  11 killer bees
  12 wights
  3 howler monkeys
  3 elephant simulacra (Lair:6)
  12 orc priests
  3 jellies
  2 quasits
  5 crimson imps
  8 hounds
  4 bullfrog skeletons
  9 orc wizards
  2 iguanas
  13 worker ants
  A killer bee zombie (D:6)
  5 ogre zombies (D:8)
  2 hound zombies
  2 hound skeletons
  A worker ant zombie (D:9)
  6 gnolls
  7 adders
  4 shadow imps
  An ooze (D:1)
  An adder skeleton (D:9)
  2 worms
  2 leopard geckos
  43 orcs
  2 giant cockroaches
  4 goblins
  4 hobgoblins (D:1)
  9 jackals
  11 kobolds
  A quokka (D:7)
  A ball python (D:3)
  5 bats
  4 frilled lizards
  3 goblin zombies (D:8)
  2 hobgoblin skeletons (D:8)
  4 hobgoblin zombies (D:8)
  3 orc skeletons (D:8)
  13 orc zombies (D:8)
  A quokka skeleton (D:5)
  A rat (D:2)
  A butterfly (Lair:1)
  8 plants
  7 withered plants (Lair:6)
1098 creatures vanquished.

Vanquished Creatures (collateral kills)
  A naga mage (Snake:3)
1 creature vanquished.

Vanquished Creatures (others)
  An anaconda (Snake:3)
  A deep elf knight (Elf:2)
  A human (Snake:1)
  A naga (Snake:3)
  An orc warrior (D:11)
  4 fungi
  8 plants
  10 tentacles
  4 toadstools (D:3)
  5 withered plants
36 creatures vanquished.

Grand Total: 1135 creatures vanquished

Notes
Turn   | Place    | Note
-------+----------+-------------------------------------------
     0 | D:1      | kosoiffoigrumme1174 the Vine Stalker Monk began the quest
                  | for the Orb.
     0 | D:1      | Reached XP level 1. HP: 13/13 MP: 3/3
   175 | D:1      | Reached XP level 2. HP: 18/18 MP: 2/4
   544 | D:1      | Reached XP level 3. HP: 17/22 MP: 2/5
  1171 | D:2      | Reached skill level 1 in Unarmed Combat
  1201 | D:2      | Found a shattered altar of Ashenzari.
  1208 | D:2      | Found a glowing silver altar of Zin.
  1216 | D:2      | Found a shimmering blue altar of Sif Muna.
  2513 | D:4      | Noticed a centaur
  2521 | D:4      | Killed a centaur
  2522 | D:4      | Reached XP level 4. HP: 19/28 MP: 6/6
  2562 | D:4      | Got an ancient glass ring
  2627 | D:4      | Noticed a phantom
  2691 | D:4      | Killed a phantom
  2692 | D:4      | Reached skill level 5 in Stealth
  2692 | D:4      | Reached XP level 5. HP: 27/32 MP: 7/7
  2788 | D:4      | Gained mutation: You have razor-sharp teeth. [Vine Stalker
                  | growth]
  2788 | D:4      | Reached XP level 6. HP: 37/37 MP: 8/8
  3141 | D:5      | Entered Level 5 of the Dungeon
  3150 | D:5      | Identified the ring "Afuriddu" {rC+ Str+10 Int-4 Dex+3
                  | Slay+3} (You found it on level 4 of the Dungeon)
  3244 | D:5      | Found a corrupted altar of Lugonu.
  3308 | D:5      | Noticed a phantom
  3321 | D:5      | Killed a phantom
  3322 | D:5      | Reached XP level 7. HP: 38/42 MP: 9/9
  3426 | D:5      | Reached skill level 5 in Dodging
  3520 | D:5      | Gained mutation: Your bite drains your enemy's life force.
                  | [Twilight Stalker growth]
  3520 | D:5      | Gained mutation: Your stealth is less affected by armour.
                  | [Twilight Stalker growth]
  3520 | D:5      | Gained mutation: You are slightly more attuned to the
                  | shadows. [Twilight Stalker growth]
  3520 | D:5      | Reached XP level 8. HP: 44/48 MP: 10/10
  3680 | D:5      | Found a staircase to the Ecumenical Temple.
  3714 | Temple   | Entered the Ecumenical Temple
  3847 | Temple   | Became a worshipper of Warmaster Okawaru
  3847 | Temple   | Reached * piety under Okawaru
  3847 | Temple   | Reached ** piety under Okawaru
  3984 | D:5      | Found Afaginti's Antique Weapon Shop.
  4779 | D:6      | Reached skill level 5 in Fighting
  4779 | D:6      | Reached skill level 10 in Stealth
  4975 | D:6      | Reached XP level 9. HP: 54/54 MP: 11/11
  5126 | D:6      | Reached *** piety under Okawaru
  5127 | D:6      | Reached skill level 5 in Unarmed Combat
  5156 | D:6      | Got a scorched plate armour
  5646 | D:7      | Found a staircase to the Lair.
  5718 | D:6      | Reached **** piety under Okawaru
  5719 | D:6      | Reached skill level 1 in Evocations
  5796 | D:7      | Identified the +3 plate armour of Boredom {Dex+3} (You
                  | found it on level 6 of the Dungeon)
  5836 | D:7      | Noticed Menkaure
  5840 | D:7      | Killed Menkaure
  5895 | D:7      | Reached XP level 10. HP: 42/60 MP: 14/14
  6005 | D:7      | Reached skill level 5 in Invocations
  6102 | D:7      | Reached ***** piety under Okawaru
  6149 | D:7      | Reached skill level 5 in Evocations
  6335 | D:7      | Got a faintly glowing hunting sling
  6336 | D:7      | Identified the +8 hunting sling of Itrakuoz {flame, rElec
                  | rPois Dex-5 SInv} (You found it on level 7 of the Dungeon)
  6840 | D:8      | Found a basalt altar of Yredelemnul.
  6907 | D:8      | Got an iridescent hand axe
  6913 | D:8      | Identified the +7 hand axe "Beinaop" {elec, rPois Str+3}
                  | (You found it on level 8 of the Dungeon)
  6969 | D:8      | Received a gift from Okawaru
  7252 | D:8      | Found a staircase to the Orcish Mines.
  7257 | D:8      | Reached XP level 11. HP: 64/64 MP: 17/17
  7391 | D:8      | Found a burning altar of Makhleb.
  7420 | D:8      | Found a sacrificial altar of Ru.
  7874 | D:9      | Noticed a two-headed ogre
  7887 | D:9      | Killed a two-headed ogre
  7887 | D:9      | Received a gift from Okawaru
  7945 | D:9      | Noticed Psyche
  8095 | D:9      | Found a transporter.
  8099 | D:9      | Noticed VineThatTabs's ghost (journeyman FoFi)
  8115 | D:9      | Noticed a moth of wrath
  8134 | D:9      | Found a transporter.
  8266 | D:9      | Killed Psyche
  8635 | D:9      | Killed a moth of wrath
  8640 | D:9      | Killed VineThatTabs's ghost
  8641 | D:9      | Reached skill level 10 in Invocations
  8665 | D:9      | Got a glittering bone amulet
  8667 | D:9      | Got a scorched glass ring
  8669 | D:9      | Identified the ring of Cuapp {+Fly Str+3} (You found it on
                  | level 9 of the Dungeon)
  8748 | D:10     | Entered Level 10 of the Dungeon
  8776 | D:10     | Noticed a centaur warrior
  8783 | D:10     | Killed a centaur warrior
  8784 | D:10     | Gained mutation: You are significantly more attuned to the
                  | shadows. [Twilight Stalker growth]
  8784 | D:10     | Reached XP level 12. HP: 60/70 MP: 20/20
  9090 | D:10     | Received a gift from Okawaru
  9091 | D:10     | Reached skill level 10 in Evocations
  9091 | D:10     | Reached skill level 1 in Armour
  9091 | D:10     | Reached skill level 1 in Shields
  9110 | D:10     | Got a fading hunting sling {god gift}
  9111 | D:10     | Identified the +9 hunting sling of the Hills {freeze, rElec
                  | rF- Int+4 Dex+4} (Okawaru gifted it to you on level 10 of
                  | the Dungeon)
  9366 | D:10     | Found Tuunacs's Antique Weapon Boutique.
  9402 | D:10     | Noticed an eight-headed hydra
  9406 | D:10     | Killed an eight-headed hydra
  9519 | D:11     | Noticed a centaur warrior
  9530 | D:11     | Killed a centaur warrior
  9537 | D:11     | Identified the amulet of Ympyehes {Spirit rElec rC+} (You
                  | found it on level 9 of the Dungeon)
  9653 | D:11     | Noticed a death knight
  9804 | D:11     | Found a gate to the Vaults.
  9804 | D:11     | Noticed a vault guard
  9804 | D:11     | Noticed a vault guard
  9804 | D:11     | Noticed a vault guard
  9806 | D:11     | Noticed a centaur warrior
  9810 | D:11     | Noticed a vault guard
  9813 | D:11     | Killed a vault guard
  9818 | D:11     | Killed a vault guard
  9821 | D:11     | Killed a centaur warrior
  9822 | D:11     | Reached skill level 5 in Shields
  9837 | D:11     | Killed a vault guard
  9838 | D:11     | Reached skill level 5 in Armour
  9856 | D:11     | Killed a vault guard
  9860 | D:11     | Reached XP level 13. HP: 61/74 MP: 15/21
 10232 | D:11     | Found a bloodstained altar of Trog.
 10246 | D:11     | Got a buzzing falchion
 10247 | D:11     | Identified the +6 falchion of Slime {freeze, Int+5} (You
                  | found it on level 11 of the Dungeon)
 10439 | D:11     | Found a runed translucent gate.
 10440 | D:11     | Found a runed translucent gate.
 10441 | D:11     | Found a runed translucent gate.
 10441 | D:11     | Noticed MisterOstroum's ghost (journeyman GnEn)
 10595 | D:11     | Identified the +6 mace of the Protecting King {crush, rPois
                  | rF- Stlth+}
 10605 | D:11     | Killed MisterOstroum's ghost
 10612 | D:11     | Found a roughly hewn altar of Beogh.
 10645 | D:11     | Got a masterwork cloak
 10656 | D:11     | Identified the cursed +0 cloak of the Distant Future {rCorr
                  | Int-2 Dex+2} (You found it on level 11 of the Dungeon)
 10708 | D:12     | Entered Level 12 of the Dungeon
 10906 | D:12     | Found Ucho's Magic Scroll Emporium.
 10917 | D:12     | Bought a scroll of enchant armour for 127 gold pieces
 11058 | D:12     | Reached ****** piety under Okawaru
 11078 | D:12     | Received a gift from Okawaru
 11197 | D:12     | Found Virryp's Demolitions Depot.
 11262 | D:12     | Found a staircase to the Depths.
 11262 | D:12     | Noticed a yaktaur captain
 11269 | D:12     | Killed a yaktaur captain
 11319 | D:12     | Noticed a fire dragon
 11331 | D:12     | Killed a fire dragon
 11391 | D:12     | Found a large runed door.
 11392 | D:12     | Found a large runed door.
 11838 | D:12     | Found a hazy altar of Hepliaklqana.
 11838 | D:12     | Noticed an ettin
 11838 | D:12     | Noticed an ettin
 11842 | D:12     | Killed an ettin
 11843 | D:12     | Reached XP level 14. HP: 82/82 MP: 16/22
 11850 | D:12     | Found a shadowy altar of Dithmenos.
 12043 | Lair:1   | Entered Level 1 of the Lair of Beasts
 12308 | Lair:1   | Found a runed translucent door.
 12309 | Lair:1   | Noticed Rhok's ghost (novice DrHu)
 13136 | Lair:1   | Killed Rhok's ghost
 13172 | Lair:2   | Noticed Harold
 13188 | Lair:2   | Killed Harold
 13212 | Lair:2   | Noticed Sonja
 13218 | Lair:2   | Killed Sonja
 13326 | Lair:2   | Received a gift from Okawaru
 13631 | Lair:2   | Got a fine lapis lazuli ring
 14358 | Lair:3   | Got a shimmering robe
 14363 | Lair:3   | Found a staircase to the Snake Pit.
 14363 | Lair:3   | Noticed a sphinx
 14380 | Lair:3   | Killed a sphinx
 15556 | Snake:1  | Entered Level 1 of the Snake Pit
 15731 | Snake:1  | Noticed Kirke
 15740 | Snake:1  | Killed Kirke
 15751 | Snake:1  | Received a gift from Okawaru
 15754 | Snake:1  | Reached XP level 15. HP: 89/89 MP: 16/23
 15894 | Snake:1  | Found a runed door.
 15916 | Snake:1  | Noticed Louise
 15922 | Snake:1  | Killed Louise
 16098 | Snake:1  | Reached skill level 10 in Dodging
 16175 | Snake:1  | Noticed Aizul
 16189 | Snake:1  | Killed Aizul
 16357 | Snake:1  | Identified the ring "Zyerghun" {rF- rC++ SInv}
 16610 | Snake:2  | Received a gift from Okawaru
 16626 | Snake:2  | Reached skill level 10 in Unarmed Combat
 16688 | Snake:2  | Got a pair of scorched boots {god gift}
 16699 | Snake:2  | Identified the +2 pair of boots of Ilomn {Int+4 Stlth+}
                  | (Okawaru gifted it to you on level 2 of the Snake Pit)
 16829 | Snake:2  | Noticed a nagaraja
 16838 | Snake:2  | Reached skill level 10 in Fighting
 16838 | Snake:2  | Reached skill level 10 in Shields
 16851 | Snake:2  | Killed a nagaraja
 16852 | Snake:2  | Reached skill level 10 in Armour
 16897 | Snake:2  | Received a gift from Okawaru
 16898 | Snake:2  | Gained mutation: You are completely attuned to the shadows.
                  | [Twilight Stalker growth]
 16898 | Snake:2  | Reached XP level 16. HP: 87/97 MP: 10/24
 17157 | Snake:2  | Noticed Agnes
 17163 | Snake:2  | Killed Agnes
 17213 | Snake:3  | Entered Level 3 of the Snake Pit
 17364 | Snake:3  | Noticed a nagaraja
 17376 | Snake:3  | Killed a nagaraja
 17376 | Snake:3  | Received a gift from Okawaru
 17507 | Snake:3  | Noticed a nagaraja
 17522 | Snake:3  | Killed a nagaraja
 17541 | Snake:3  | Noticed a nagaraja
 17543 | Snake:3  | Noticed a nagaraja
 17546 | Snake:3  | Killed a nagaraja
 17551 | Snake:3  | Killed a nagaraja
 17602 | Snake:3  | Noticed a nagaraja
 17625 | Snake:3  | Killed a nagaraja
 17625 | Snake:3  | Received a gift from Okawaru
 17880 | Snake:3  | Reached XP level 17. HP: 100/103 MP: 18/26
 17923 | Snake:3  | Identified the cursed ring of Greater Demons {Dex+4
                  | Stlth--} (You found it on level 2 of the Lair of Beasts)
 17923 | Snake:3  | Got a serpentine rune of Zot
 18065 | Snake:3  | Noticed Vashnia
 18098 | Snake:3  | Noticed Mara
 18111 | Snake:3  | Killed Mara
 18117 | Snake:3  | Received a gift from Okawaru
 18319 | Snake:3  | Killed Vashnia
 18368 | Snake:3  | Identified a scroll of acquirement
 18854 | Snake:2  | Identified the +9 spear of Defence by Offence {flame, rPois
                  | rF+, pickup} (Okawaru gifted it to you on level 2 of the
                  | Snake Pit)
 18882 | Snake:2  | Identified the +9 chain mail of Morality {*Slow Int+8 SInv,
                  | pickup} (You found it on level 2 of the Snake Pit)
 18973 | Snake:1  | Identified the +12 flail of Seegev Ajudd {crush, rF- rC+
                  | MR+} (You acquired it on level 1 of the Snake Pit)
 18973 | Snake:1  | Identified the amulet of Temptation {Reflect rElec rN+
                  | Str+4 SH+4} (You acquired it on level 1 of the Snake Pit)
 19476 | Lair:4   | Found a staircase to the Shoals.
 20017 | Shoals:1 | Entered Level 1 of the Shoals
 20706 | Shoals:1 | Identified the +2 morningstar of a Labyrinth {crush, -Tele
                  | rElec rC+ rN+++} (Okawaru gifted it to you on level 1 of
                  | the Shoals)
 20706 | Shoals:1 | Received a gift from Okawaru
 21235 | Shoals:2 | Noticed Polyphemus
 21255 | Shoals:2 | Killed Polyphemus
 21256 | Shoals:2 | Reached XP level 18. HP: 94/110 MP: 22/27
 21427 | Shoals:2 | Received a gift from Okawaru
 21554 | Shoals:2 | Identified the +3 plate armour of Pakkif {+Fly Dex+3 SInv}
 22438 | Shoals:3 | Entered Level 3 of the Shoals
 22617 | Shoals:3 | Received a gift from Okawaru
 23084 | Shoals:3 | Got a barnacled rune of Zot
 23879 | Lair:5   | Found a staircase to the Elven Halls.
 24794 | Lair:5   | Received a gift from Okawaru
 25277 | Lair:6   | Entered Level 6 of the Lair of Beasts
 25757 | Lair:6   | Reached XP level 19. HP: 116/116 MP: 29/29
 26036 | Lair:6   | Identified Kikubaaqudgh's Tome of Darkness
 26788 | Orc      | Entered the Orcish Mines
 26860 | Orc      | Found Honeiw's Antique Armour Shoppe.
 26860 | Orc      | Found Jatup's Gadget Shop.
 26861 | Orc      | Found Qeozef's Distillery.
 26861 | Orc      | Found Xuufixt's Magic Scroll Shop.
 26866 | Orc      | Received a gift from Okawaru
 26946 | Orc      | Bought a lamp of fire for 520 gold pieces
 26948 | Orc      | Bought a scroll of enchant armour for 112 gold pieces
 27061 | Orc      | Found a viscous altar of Jiyva.
 27062 | Orc      | Found a staircase to the Slime Pits.
 27074 | Orc      | Found Afuyfoh's Food Boutique.
 27600 | Elf:1    | Entered Level 1 of the Elven Halls
 28613 | Elf:2    | Noticed Bai Suzhen
 28636 | Elf:2    | Killed Bai Suzhen
 29246 | Elf:2    | Reached XP level 20. HP: 123/123 MP: 30/30
 29255 | Elf:2    | Found a runed gate.
 29256 | Elf:2    | Found a runed gate.
 29263 | Elf:2    | Found a runed gate.
 29392 | Elf:2    | Found Yfreuj's Jewellery Emporium.
 29532 | Elf:3    | Entered Level 3 of the Elven Halls
 29533 | Elf:3    | Found Woschat's Magic Scroll Shop.
 29541 | Elf:3    | Bought a scroll of acquirement for 676 gold pieces
 29543 | Elf:3    | Identified the scarf of Enganu Neargh {Spirit, rF+ Str+3
                  | Dex+4} (You acquired it on level 3 of the Elven Halls)
 29543 | Elf:3    | Identified the ring "Ciebber" {rElec rC++ Str+4 SInv} (You
                  | acquired it on level 3 of the Elven Halls)
 30740 | Elf:3    | Identified a +2 pair of boots of running (Okawaru gifted it
                  | to you on level 3 of the Elven Halls)
 30740 | Elf:3    | Received a gift from Okawaru
 30940 | Elf:3    | HP: 1/124 [acid (9)]
 30940 | Elf:3    | Killed from afar by a deep elf high priest

Skill      XL: |  1  2  3  4  5  6  7  8  9 10 11 12 13 14 15 16 17 18 19 |
---------------+----------------------------------------------------------+-----
Unarmed Combat | 1 2 3 4 6 7 9 10 11 12 13 | 13.3
Fighting       | 3 4 5 6 7 8 10 11 12 | 12.8
Stealth        | 4 5 6 7 8 10 12 | 12.0
Dodging        | 4 5 6 8 9 10 11 12 13 | 13.7
Evocations     | 3 6 9 10 11 12 | 12.8
Invocations    | 4 7 10 11 12 13 | 13.3
Armour         | 5 7 8 10 11 12 | 12.5
Shields        | 6 7 8 10 11 12 | 12.9
Axes           | |  2.6

Action                   |  1- 3 |  4- 6 |  7- 9 | 10-12 | 13-15 | 16-18 | 19-21 || total
-------------------------+-------+-------+-------+-------+-------+-------+-------++-------
Melee: Hand axe          |    47 |       |       |   169 |   350 |   686 |   560 ||  1812
       Bite              |     6 |     9 |    40 |   180 |   304 |   528 |   324 ||  1391
       Dagger            |    30 |    67 |   110 |   173 |   166 |   103 |    27 ||   676
       Punch             |       |       |     3 |       |       |       |       ||     3
       Flail             |       |       |       |       |       |    89 |       ||    89
 Fire: Hunting sling     |    11 |    41 |    56 |    67 |       |       |       ||   175
Throw: Stone             |       |     3 |     1 |       |       |       |       ||     4
Invok: Heroism           |       |       |     4 |    17 |    20 |    18 |    16 ||    75
       Finesse           |       |       |       |     2 |     5 |     7 |     5 ||    19
 Abil: Evoke Flight      |       |       |       |       |     1 |       |       ||     1
Evoke: Wand              |       |       |       |       |     2 |     4 |       ||     6
       Box of beasts     |       |       |       |       |       |     1 |       ||     1
       Lamp of fire      |       |       |       |       |       |       |     1 ||     1
  Use: Scroll            |     3 |     7 |     3 |     5 |    12 |     6 |     3 ||    39
       Potion            |       |       |       |       |       |       |     1 ||     1
 Stab: Sleeping          |     5 |       |     8 |    23 |    38 |    59 |    36 ||   169
       Distracted        |       |       |     1 |       |     2 |     3 |     1 ||     7
       Invisible         |       |       |       |     1 |       |       |       ||     1
       Paralysed         |       |       |       |       |     1 |       |       ||     1
  Eat: Chunk             |     3 |     2 |     7 |    19 |    36 |    42 |    34 ||   143
       Ration            |     1 |     1 |     2 |     1 |     1 |     3 |       ||     9
Armor: Robe              |     8 |       |       |       |       |       |       ||     8
       Leather armour    |     4 |    13 |    11 |       |       |       |       ||    28
       Plate armour      |       |       |     4 |   135 |   154 |   244 |   141 ||   678
Dodge: Dodged            |    62 |    44 |    91 |   158 |   283 |   530 |   329 ||  1497
       Deflected         |       |       |       |     3 |    17 |    58 |    13 ||    91
Block: Medium shield     |       |       |       |   150 |   571 |  1008 |   722 ||  2451
